 Dungeon Crawl Stone Soup version 0.27.0-1-g7a089689b8 (webtiles) character file.

Game seed: 1095233650948713805

15 gimp the Sneak (level 2, -2/24 HPs)
             Began as a Human Delver on Aug 9, 2021.
             Slain by a mummy (14 damage)
             ... in an ossuary.
             The game lasted 00:03:44 (563 turns).

gimp the Sneak (Human Delver)                        Turns: 563, Time: 00:03:44

Health: -2/24      AC:  3    Str: 12    XL:     2   Next: 65%
Magic:  11/11      EV: 12    Int: 10    God:
Gold:   23         SH:  0    Dex: 14    Spells: 1/1 levels left

rFire    . . .     SeeInvis .   a - +0 spear
rCold    . . .     Faith    .   (no shield)
rNeg     . . .     Spirit   .   b - +0 leather armour
rPois    .         Reflect  .   (no helmet)
rElec    .         Harm     .   (no cloak)
rCorr    .         Rampage  .   (no gloves)
Will     .....                  (no boots)
Stlth    +++.......             (no amulet)
HPRegen  0.08/turn              h - ring of magical power
MPRegen  0.12/turn              (no ring)

@: no status effects
A: no striking features
a: no special abilities


You were in an ossuary.
You visited 1 branch of the dungeon, and saw 2 of its levels.
You also visited: Ossuary.

You collected 23 gold pieces.

Inventory:

Hand Weapons
 a - a +0 spear (weapon)
 j - a +0 trident
 l - a +0 glaive
Armour
 b - a +0 leather armour (worn)
Jewellery
 h - a ring of magical power (left hand)
 i - an amulet of regeneration
Wands
 g - a wand of digging (3)
Scrolls
 c - a scroll of fog
 d - a scroll of magic mapping
 e - a scroll of fear
 k - a scroll of blinking {unknown}
Potions
 f - a potion of haste


   Skills:
 + Level 3.1 Fighting
 * Level 2.6 Polearms
 + Level 2.2 Dodging
 - Level 5.0 Stealth


You had one spell level left.
You didn't know any spells.
Your spell library was empty.

Dungeon Overview and Level Annotations

Branches:
Dungeon (5/15)            Ossuary (1/1)
 Temple: D:4-7

Altars:
Ru

Annotations:
D:4 Eustachio


Message History

Aim: an elf zombie (lightly damaged, about 37% to evade your +0 spear)
You hit the elf zombie.
The elf zombie is lightly damaged.
Reach: a) +0 spear
Press: ? - help, Dir - move target, f/p - elf zombie
Aim: an elf zombie (lightly damaged, about 37% to evade your +0 spear)
You barely miss the elf zombie.
The elf zombie is lightly damaged.
The elf zombie closely misses you.
Reach: a) +0 spear
Press: ? - help, Dir - move target, f/p - elf zombie
Aim: an elf zombie (lightly damaged, about 37% to evade your +0 spear)
Okay, then.
Reach: a) +0 spear
Press: ? - help, Dir - move target, f/p - elf zombie
Aim: an elf zombie (lightly damaged, about 37% to evade your +0 spear)
You reach to attack!
You hit the elf zombie but do no damage.
The elf zombie is lightly damaged.
Reach: a) +0 spear
Press: ? - help, Dir - move target, f/p - elf zombie
Aim: an elf zombie (lightly damaged, about 37% to evade your +0 spear)
You reach to attack!
You closely miss the elf zombie.
The elf zombie is lightly damaged.
Reach: a) +0 spear
Press: ? - help, Dir - move target, f/p - elf zombie
Aim: an elf zombie (lightly damaged, about 37% to evade your +0 spear)
You closely miss the elf zombie.
The elf zombie is lightly damaged.
The elf zombie hits you.
You take 4 damage, and have 11/24 hp.
Reach: a) +0 spear
Press: ? - help, Dir - move target, f/p - elf zombie
Aim: an elf zombie (lightly damaged, about 37% to evade your +0 spear)
You reach to attack!
You barely miss the elf zombie.
The elf zombie is lightly damaged.
There is a gate leading back out of this place here.
You hit the mummy but do no damage. The mummy hits you!
Ouch! That really hurt!
You die...

#............................
#............................
#.....##...............##....
#.....##...............##....
#............................
#........M...................
####.........#####.........##
#$$+.........Z.............#?
#$$#.........Z.Z@M.........#?
#############################


You could see 2 mummies, 2 elf zombies and a human zombie.

Vanquished Creatures
  An orc (D:4)
  An endoplasm (D:4)
  A giant cockroach (D:4)
  2 kobolds (D:4)
  A quokka (D:4)
  A ball python (D:4)
  2 goblin zombies (Ossuary)
  2 hobgoblin zombies (Ossuary)
  A jackal zombie (Ossuary)
  A kobold zombie (Ossuary)
  2 orc zombies (Ossuary)
  A rat zombie (Ossuary)
16 creatures vanquished.

Notes
Turn   | Place    | Note
-------+----------+-------------------------------------------
     0 | D:5      | gimp the Human Delver began the quest for the Orb.
     0 | D:5      | Reached XP level 1. HP: 18/18 MP: 1/1
    46 | D:5      | Noticed an iguana
    51 | D:4      | Found a sand-covered staircase.
    96 | D:4      | Reached XP level 2. HP: 19/24 MP: 2/2
   159 | D:4      | Found a sacrificial altar of Ru.
   190 | D:4      | Noticed Eustachio
   205 | Ossuary  | Entered an ossuary
   563 | Ossuary  | Slain by a mummy

Illustrated notes

Levels and vault maps discovered:
D:4:      layout_loops_cross, nicolae_ru_path_of_blood,
          nicolae_ossuary_entry_ruins, serial_shops, nicolae_shop_behind_doors,
          uniq_eustachio
D:5:      layout_gridville, kennysheep_mini_moat
Ossuary:  ossuary_minmay_tomb_2a

Action                   || total
-------------------------++-------
Melee: Spear             ||    97
 Stab: Sleeping          ||     3
       Distracted        ||     1
Armor: Leather armour    ||    17
Dodge: Dodged            ||    33
